 Dungeon Crawl Stone Soup version 0.31.0-32-g396128a36d (webtiles) character file.

Game seed: 8062107516048199796

62 H0rd4k the Insei (level 4, -1/28 HPs)
             Began as an Octopode Artificer on Mar 14, 2024.
             Slain by a goblin
             ... wielding a +0 dagger
             ... led by Robin
              (5 damage)
             ... on level 2 of the Dungeon.
             The game lasted 00:00:55 (906 turns).

H0rd4k the Insei (Octopode Artificer)                Turns: 906, Time: 00:00:56

Health: -1/28      AC:  1    Str: 11    XL:     4   Next: 8%
Magic:  4/4        EV: 13    Int: 15    God:
Gold:   56         SH:  0    Dex: 12    Spells: 3/3 levels left

rFire   . .          .
                       - Unarmed
rCold   . . .        (no shield)
rNeg    . . .        (helmet restricted)
rPois   .            (no amulet)
rElec   .            (no ring)
rCorr   .            (no ring)
SInv    .            (no ring)
Will    .....        (no ring)
Stlth   +++          (no ring)
HPRegen 0.24/turn    (no ring)
MPRegen 0.09/turn    (no ring)
                     (no ring)

%: no passive effects
@: no status effects
A: almost no armour, amphibious, 8 rings, camouflage 1, gelatinous body 1,
(nimble swimmer 1), tentacles
a: no special abilities


You were on level 2 of the Dungeon.
You visited 1 branch of the dungeon, and saw 2 of its levels.

You collected 56 gold pieces.

Inventory:

Missiles
 i - 6 atropa-tipped darts
Wands
 b - a wand of flame (15) (quivered)
 c - a wand of charming (15)
 d - a wand of iceblast (5)
Scrolls
 e - a scroll of identify {unknown}
 f - 2 scrolls of teleportation {unknown}
 j - a scroll of amnesia {unknown}
 k - a scroll of brand weapon {unknown}
Potions
 a - a potion of degeneration {unknown}
 g - a potion of cancellation {unknown}
 h - 2 potions of curing {unknown}


   Skills:
 + Level 1.5 Fighting
 - Level 2.3 Dodging
 - Level 1.3 Stealth
 + Level 3.3 Unarmed Combat
 - Level 3.2 Evocations


You had 3 spell levels left.
You didn't know any spells.
Your spell library contained the following spells:

 Spells                   Type           Power      Damage    Failure   Level
 Freeze                   Ice            0%         1d3       26%         1
 Frozen Ramparts          Ice            0%         1d1       63%         3
 Hailstorm                Conj/Ice       0%         3d5       63%         3


Dungeon Overview and Level Annotations

Branches:
Dungeon (2/15)

Altars:


Innate Abilities, Weirdness & Mutations

You cannot wear most types of armour.
You are amphibious.
You can wear up to eight rings at the same time.
Your skin changes colour to match your surroundings (Stealth+).
Your rubbery body absorbs attacks. (AC +1, EV +1)
((You are camouflaged when in or above water. (Stealth+)))
You have tentacles for arms and can constrict up to eight enemies at once.


Message History

You kill the goblin!
The hobgoblin hits you. Robin barely misses you.
You tentacle-slap the hobgoblin. You grab the hobgoblin.
The hobgoblin is moderately wounded.
You constrict the hobgoblin. The hobgoblin closely misses you.
Robin hits you with a +0 club.
You tentacle-slap the hobgoblin.
You tentacle-slap the hobgoblin, but do no damage.
You squeeze the hobgoblin.
You kill the hobgoblin! 2 goblins and a hobgoblin come into view.
The goblin closely misses you. Robin barely misses you.
Items here: )) †††.
The goblin shouts!
The hobgoblin shouts!
You tentacle-slap Robin. You grab Robin.
Robin is lightly wounded.
You constrict Robin. Robin hits you with a +0 club.
You tentacle-slap Robin but do no damage.
Robin is moderately wounded.
You constrict Robin, but do no damage. The goblin barely misses you.
Robin hits you with a +0 club.
You tentacle-slap Robin but do no damage.
Robin is moderately wounded.
You constrict Robin.
The goblin hits you with a +0 dagger. x2
* * * LOW HITPOINT WARNING * * *
Robin roars a battlecry!
The goblins go into a battle-frenzy!
You tentacle-slap Robin but do no damage.
You squeeze Robin!
Robin is almost dead.
You constrict Robin.
You kill Robin!
The goblin hits you but does no damage. The goblin misses you.
You have reached level 4!
Items here: )) ††.
You tentacle-slap the goblin. You grab the goblin.
Your squeeze misses the goblin.
The goblin is heavily wounded.
You constrict the goblin. The goblin hits you with a +0 dagger.
You die...

#.# #(# .# #.# .# #.#
.# #.# ########### .#
#.# #.........## .#
#[###.####.###.##.#
......###.## ##.#)#
#..##.....# #)@.#
#.>##.###># #g###
#..##.###..# #.g.g.....
#.........#...###.#####
##.##.######.# .#
#.##.# #...# # #.##<.
... ... #.##..#### ##
#......


You could see 2 goblins.

Vanquished Creatures
  Robin (D:2)
  An adder (D:2)
  2 ball pythons (D:1)
  5 endoplasms
  2 giant cockroaches (D:1)
  6 goblins (D:2)
  3 hobgoblins
  3 jackals (D:1)
  3 kobolds (D:1)
  2 quokkas (D:1)
  2 bats (D:1)
  2 frilled lizards (D:1)
  4 rats (D:1)
36 creatures vanquished.

Notes
Turn   | Place    | Note
-------+----------+-------------------------------------------
     0 | D:1      | H0rd4k the Octopode Artificer began the quest for the Orb.
     0 | D:1      | Reached XP level 1. HP: 13/13 MP: 1/1
    50 | D:1      | Reached skill level 1 in Unarmed Combat
   226 | D:1      | Reached XP level 2. HP: 10/18 MP: 2/2
   440 | D:1      | Found a faded altar of an unknown god.
   644 | D:1      | Reached XP level 3. HP: 23/23 MP: 3/3
   887 | D:2      | Noticed Robin
   904 | D:2      | Killed Robin
   905 | D:2      | Reached XP level 4. HP: 4/28 MP: 4/4
   906 | D:2      | Slain by a goblin

Illustrated notes

Levels and vault maps discovered:
D:1:      ldierk_walled_garden, layout_basic,
          shapermc_ecumenical_altar_totnotflames, minmay_tromino_mix6
D:2:      layout_loops_ring, serial_shops, nicolae_shop_rolling_square,
          uniq_robin, uniq_jessica

Skill      XL: |  1  2  3 |
---------------+----------+-----
Unarmed Combat | 1 2 3 |  3.3
Fighting       | |  1.5
Dodging        | |  2.3
Stealth        | |  1.3
Evocations     | |  3.2

Action                     |  1- 3 |  4- 6 || total
---------------------------+-------+-------++-------
  Melee: Unarmed           |    73 |     1 ||    74
         Tentacles         |    19 |       ||    19
         Constrict         |    19 |     1 ||    20
         Punch             |     3 |       ||     3
   Stab: Sleeping          |     4 |       ||     4
 Armour: Skin              |    31 |     1 ||    32
  Dodge: Dodged            |    52 |       ||    52
